 Dungeon Crawl Stone Soup version 0.21-a0-251-g5e8393f (webtiles) character file.

115987 Kidiri the Eclecticist (level 16, -12/82 HPs)
             Began as a Deep Elf Fire Elementalist on Sept 5, 2017.
             Was a High Priest of Vehumet.
             Mangled by a spark wasp (17 damage)
             ... on level 1 of the Depths.
             The game lasted 02:30:54 (28976 turns).

Kidiri the Eclecticist (DEFE)                      Turns: 28976, Time: 02:30:55

Health: -12/82     AC:  9    Str:  5    XL:     16   Next: 19%
Magic:  25/38      EV: 22    Int: 41    God:    Vehumet [*****.]
Gold:   1641       SH:  9    Dex: 23    Spells: 5/48 levels left

rFire    + + .     SeeInvis +   e - +5 quick blade
rCold    + . .     Gourm    .   T - +2 buckler {reflect}
rNeg     . . .     Faith    .   R - +1 robe of the Griffon {*Drain MR+ Int+4 Dex+2}
rPois    .         Spirit   .   b - +2 hat
rElec    .         Reflect  +   K - scarf of the Gardener {MR+ Regen+ Dex+2 Slay+3}
rCorr    .         Harm     .   t - +0 pair of gloves of Ysoreon {*Contam Str+2 Int+7 SInv}
MR       +++..                  (no boots)
Stlth    ++........             l - amulet of magic regeneration
HPRegen  0.00/turn              d - ring of protection from fire
MPRegen  0.51/turn              w - ring of protection from cold

@: no status effects
A: hooves 1, iridescent scales 1, agile 2, blink, clever 1, fire resistance 1,
frail 1, inhibited regeneration, weak 1
a: Blink, Renounce Religion


You were on level 1 of the Depths.
You worshipped Vehumet.
Vehumet was extremely pleased with you.
You were full.

You visited 5 branches of the dungeon, and saw 25 of its levels.
You also visited: Labyrinth and Volcano.

You collected 3035 gold pieces.
You spent 1394 gold pieces at shops.

Inventory:

Hand Weapons
 e - a +5 quick blade (weapon)
Armour
 b - a +2 hat (worn)
 t - the +0 pair of gloves of Ysoreon (worn) {*Contam Str+2 Int+7 SInv}
   (You acquired it on level 5 of the Lair of Beasts)

   It affects your strength (+2).
   It affects your intelligence (+7).
   It lets you see invisible.
   It causes magical contamination when unequipped.
 K - the scarf of the Gardener (worn) {MR+ Regen+ Dex+2 Slay+3}
   (You bought it in a shop on level 6 of the Dungeon)

   It affects your dexterity (+2).
   It affects your accuracy and damage with ranged weapons and melee attacks
   (+3).
   It affects your resistance to hostile enchantments.
   It increases your rate of regeneration.
 R - the +1 robe of the Griffon (worn) {*Drain MR+ Int+4 Dex+2}
   (You found it on level 6 of the Lair of Beasts)

   It affects your intelligence (+4).
   It affects your dexterity (+2).
   It affects your resistance to hostile enchantments.
   It causes draining when unequipped.
 T - a +2 buckler of reflection (worn)
Jewellery
 d - a ring of protection from fire (left hand)
 l - an amulet of magic regeneration (around neck)
 w - a ring of protection from cold (right hand)
Wands
 j - a wand of digging (9/24)
 k - a wand of random effects (33/48)
 n - a wand of flame (31/48)
 s - a wand of acid (9/15)
 B - a wand of polymorph (15/24)
 F - a wand of confusion (17/48)
 G - a wand of iceblast (13/15)
 H - a wand of lightning (8/15)
 M - a wand of scattershot (2/9)
 P - a wand of flame (19/48)
Scrolls
 a - 11 scrolls of remove curse
 f - 2 scrolls of silence
 p - a scroll of identify
 q - 4 scrolls of fog
 y - a scroll of holy word
 N - 3 scrolls of amnesia
 O - 5 scrolls of fear
 V - 3 scrolls of immolation
 W - 4 scrolls of magic mapping
 Y - a scroll of recharging
 Z - 9 scrolls of teleportation
Potions
 h - 11 potions of curing
 i - a potion of invisibility
 o - 4 potions of agility
 r - a potion of mutation
 v - 3 potions of heal wounds
 x - 5 potions of haste
 z - a potion of magic
 D - 2 potions of brilliance
 I - 3 potions of flight
 J - a potion of berserk rage
 L - 3 potions of cancellation
 Q - 3 potions of might
 X - 3 potions of lignification
Books
 m - a book of the Earth

   Spells                             Type                      Level
   a - Leda's Liquefaction            Hexes/Earth                  4
   b - Bolt of Magma                  Conjuration/Fire/Earth       5
   c - Statue Form                    Transmutation/Earth          6
   d - Iron Shot                      Conjuration/Earth            6
   e - Shatter                        Earth                        9
 u - a book of Cantrips

   Spells                             Type                      Level
   a - Confusing Touch                Hexes                        1
   b - Animate Skeleton               Necromancy                   1
   c - Summon Small Mammal            Summoning                    1
   d - Apportation                    Translocation                1
 A - a book of Clouds

   Spells                             Type                      Level
   a - Poisonous Vapours              Poison/Air                   2
   b - Mephitic Cloud                 Conjuration/Poison/Air       3
   c - Conjure Flame                  Conjuration/Fire             3
   d - Freezing Cloud                 Conjuration/Ice/Air          6
   e - Ring of Flames                 Charms/Fire                  7
Comestibles
 c - 18 bread rations
 g - 18 meat rations
 C - a royal jelly
 E - 9 chunks of flesh


   Skills:
 + Level 7.6 Fighting
 - Level 8.3 Short Blades
 + Level 7.5 Armour
 - Level 10.4 Dodging
 - Level 2.4 Stealth
 - Level 7.7 Shields
 * Level 16.9 Spellcasting
 + Level 10.5 Conjurations
 + Level 10.7 Fire Magic
 + Level 7.6 Air Magic
 + Level 8.3 Earth Magic
 + Level 7.0 Poison Magic


You had 5 spell levels left.
You knew the following spells:

 Your Spells              Type           Power        Failure   Level  Hunger
a - Flame Tongue          Conj/Fire      #####        0%          1    None
b - Throw Flame           Conj/Fire      ######       0%          2    None
c - Conjure Flame         Conj/Fire      #######.     1%          3    None
d - Inner Flame           Hex/Fire       ######..     1%          3    None
e - Ignite Poison         Fire/Tmut/Pois ######..     1%          3    None
f - Sticky Flame          Conj/Fire      #######.     1%          4    None
g - Fireball              Conj/Fire      #######...   1%          5    None
h - Bolt of Magma         Conj/Fire/Erth #######...   1%          5    None
i - Static Discharge      Conj/Air       #######.     1%          3    None
j - Iron Shot             Conj/Erth      #######...   1%          6    None
k - Venom Bolt            Conj/Pois      #######...   1%          5    None
l - Mephitic Cloud        Conj/Pois/Air  #######.     1%          3    None


Dungeon Overview and Level Annotations

Branches:
Dungeon (15/15)            Temple (1/1) D:7            Lair (6/6) D:11
 Shoals (0/4) Lair:4       Spider (0/4) Lair:4        Slime (0/5) Lair:5
    Orc (2/2) D:11            Elf (0/3) Orc:2        Vaults (0/5) D:14
 Depths (1/5) D:15

Altars:
Ashenzari
Cheibriados
Dithmenos
Elyvilon
Fedhas
Gozag
Hepliaklqana
Kikubaaqudgha
Makhleb
Nemelex Xobeh
Okawaru
Qazlal
Ru
Sif Muna
Trog
Uskayaw
Vehumet
Wu Jian
Xom
Yredelemnul
Zin
The Shining One
Beogh

Shops:
D:6 [   D:15 :   Orc:2 ?:(?

Portals:
Trove: D:10 (give +4 fire dragon scales)

Annotations:
D:7 Joseph
D:15 3 runed doors


Innate Abilities, Weirdness & Mutations

You have large cloven feet.
You are partially covered in iridescent scales. (AC +2)
You are very agile. (Dex +4)
You can translocate small distances at will.
Your mind is acute. (Int +2)
Your flesh is heat resistant. (rF+)
You are frail. (-10% HP)
You do not regenerate when monsters are visible.
You are weak. (Str -2)


Message History

Press: ? - help, Shift-Dir - straight line, f - spark wasp
Aim: a spark wasp (translocational energy, moderately wounded)
The sticky flame hits the spark wasp.
The spark wasp is heavily wounded.
The spark wasp is covered in liquid flames!
The spark wasp burns! x2; The spark wasp completely misses you. x2
You block the spark wasp's attack. x2
Unknown command.
You hit the spark wasp but do no damage.
The spark wasp is severely wounded.
You puncture the spark wasp! You kick the spark wasp.
The spark wasp is almost dead.
The spark wasp burns!
You kill the spark wasp!
Vehumet accepts your kill.
You feel your power returning.
The spark wasp burns!
The spark wasp stings you!!
* * * LOW HITPOINT WARNING * * *
The spark wasp shocks you!
You die...

.. .#.. #.[#.#
## ... ......#.
#. .. #... .. #.
##.##.# ..# . #.
.....##.##.. #.
##.#........
#.###<...#......
#..@y)).(.......
######)..#....##
##..# #.## #...#
.. ....## .
≈.....#
..≈...c##
..≈.... .≈≈..).


You could see a spark wasp (burning).

Vanquished Creatures
  An orc warlord (Orc:1)
  2 ghouls (D:14)
  The ghost of braks the Destroyer, a journeyman DrCj of Sif Muna (Lair:4)
  2 spark wasps (Depths:1)
  The ghost of Shiggs the Fighter, a journeyman NaFi of Okawaru (Lair:1)
  A minotaur (Lab)
  11 hydras
  Fannar (D:10)
  4 ice dragons
  A catoblepas (Lair:6)
  A death knight (D:15)
  2 centaur warriors (D:14)
  8 two-headed ogres
  8 death yaks (Lair:6)
  2 tengu warriors
  3 orc high priests (Orc:2)
  A fire crab (Volcano)
  6 skeletal warriors (D:14)
  A wizard (D:14)
  An obsidian statue (D:15)
  An unseen horror (D:14)
  A deep elf archer (D:14)
  8 lindwurms
  5 orc knights
  2 ugly things (D:12)
  2 cyclopes
  A wolf spider zombie (D:14)
  4 orc sorcerers
  5 deep elf magi
  6 manticores
  8 elephants
  5 black mambas
  A guardian serpent (shapeshifter) (D:14)
  2 molten gargoyles (Volcano)
  5 torpor snails (Lair:6)
  10 spiny frogs
  A gargoyle (D:14)
  5 rime drakes
  7 komodo dragons
  2 kobold demonologists (D:12)
  7 yaktaurs
  2 freezing wraiths
  7 trolls
  A tengu conjurer (D:15)
  2 jumping spiders (Lair:4)
  A polar bear (Lair:5)
  4 tyrant leeches (Lair:6)
  12 blink frogs
  6 hornets (Lair:6)
  5 slime creatures (D:13)
  Prince Ribbit (D:5)
  2 dream sheep (Lair:6)
  8 hippogriffs
  A dream sheep (shapeshifter) (D:13)
  3 wraiths
  2 wyverns
  A vampire (D:11)
  5 redbacks (Lair:4)
  4 hogs (D:7)
  10 fire bats (Volcano)
  54 yaks
  4 hungry ghosts
  4 basilisks
  A human (D:7)
  A steam dragon (D:9)
  A soldier ant (D:15)
  2 acid dragons
  2 wargs
  5 water moccasins
  Menkaure (D:6)
  3 hell hounds (Volcano)
  5 porcupines
  A hornet zombie (D:9)
  18 orc warriors
  8 ice beasts
  7 sky beasts
  2 black bears
  An eye of draining (D:12)
  3 phantoms
  4 necrophages
  A boggart (D:14)
  16 centaurs
  13 ogres
  11 wolves
  11 crocodiles
  13 big kobolds
  2 elf zombies (D:11)
  2 wyvern zombies (D:14)
  19 bullfrogs
  A hornet simulacrum (D:15)
  4 scorpions
  A water moccasin skeleton (D:8)
  2 wyvern skeletons
  3 killer bees (D:7)
  11 wights
  3 electric eels (Lair:3)
  2 howler monkeys (D:5)
  7 crimson imps
  5 lava snakes (Volcano)
  A bullfrog zombie (D:5)
  2 quasits
  3 human zombies (D:11)
  8 jellies
  23 orc priests
  2 bullfrog skeletons
  9 hounds
  9 centaur zombies
  Crazy Yiuf (D:2)
  12 centaur skeletons
  Natasha (thrice) (D:3)
  3 iguanas
  25 orc wizards
  7 hell rats (Lair:2)
  13 worker ants
  A killer bee zombie (D:8)
  2 hound skeletons
  The ghost of p0werm0de the Skirmisher, a weakling VSAK of Lugonu (D:3)
  4 mummies
  3 worker ant zombies
  15 adders
  12 river rats (Lair:2)
  8 shadow imps
  3 oozes
  2 adder skeletons
  An adder zombie (D:7)
  A worm (D:2)
  A dart slug (D:1)
  7 leopard geckos
  98 orcs
  5 bats
  5 giant cockroaches
  7 goblins
  9 hobgoblins
  17 jackals
  21 kobolds
  11 quokkas
  A frilled lizard (D:3)
  A quokka zombie (D:5)
  13 rats
  A butterfly (Lair:2)
  6 plants
854 creatures vanquished.

Vanquished Creatures (others)
  A stone giant (Orc:1)
  A cyclops (D:12)
  2 yaktaurs (Depths:1)
  2 centaurs
  4 fungi
  10 plants
  A withered plant (D:14)
21 creatures vanquished.

Grand Total: 875 creatures vanquished

Notes
Turn   | Place    | Note
-------+----------+-------------------------------------------
     0 | D:1      | Kidiri the Deep Elf Fire Elementalist began the quest for the Orb.
     0 | D:1      | Reached XP level 1. HP: 10/10 MP: 6/6
   445 | D:1      | Reached XP level 2. HP: 15/15 MP: 6/8
   449 | D:1      | Learned a level 2 spell: Throw Flame
   910 | D:2      | Reached XP level 3. HP: 9/19 MP: 7/10
   918 | D:2      | Learned a level 3 spell: Conjure Flame
   922 | D:2      | Learned a level 3 spell: Inner Flame
  1098 | D:2      | Found a runed door.
  1189 | D:2      | Reached skill level 4 in Spellcasting
  1631 | D:2      | Noticed Crazy Yiuf
  1634 | D:2      | Killed Crazy Yiuf
  1634 | D:2      | Reached XP level 4. HP: 24/24 MP: 6/12
  1708 | D:3      | Noticed p0werm0de's ghost (weakling VSAK)
  1712 | D:3      | Killed p0werm0de's ghost
  1990 | D:3      | Reached skill level 5 in Spellcasting
  2026 | D:3      | Noticed Natasha
  2032 | D:3      | Killed Natasha
  2041 | D:3      | Learned a level 4 spell: Sticky Flame
  2072 | D:3      | Noticed Natasha
  2076 | D:3      | Killed Natasha
  2076 | D:3      | Reached XP level 5. HP: 28/28 MP: 5/14
  2456 | D:3      | Noticed Natasha
  2460 | D:3      | Killed Natasha
  2460 | D:3      | Reached skill level 6 in Spellcasting
  2513 | D:3      | Found a faded altar of an unknown god.
  2926 | D:4      | Found an iron altar of Okawaru.
  2928 | D:4      | Noticed an ogre
  2935 | D:4      | Killed an ogre
  2935 | D:4      | Reached XP level 6. HP: 32/32 MP: 10/17
  3219 | D:4      | Gained mutation: Your body sometimes deteriorates upon taking damage. [potion of mutation]
  3219 | D:4      | Gained mutation: You have a pair of small horns on your head. [potion of mutation]
  3219 | D:4      | Gained mutation: You are robust. (+10% HP) [potion of mutation]
  3219 | D:4      | Gained mutation: Your system is resistant to poisons. (rPois) [potion of mutation]
  3220 | D:4      | Lost mutation: You have a pair of small horns on your head. [potion of mutation]
  3220 | D:4      | Gained mutation: Your magical capacity is low. (-10% MP) [potion of mutation]
  3220 | D:4      | Gained mutation: You are very robust. (+20% HP) [potion of mutation]
  3221 | D:4      | Lost mutation: Your system is resistant to poisons. (rPois) [potion of mutation]
  3221 | D:4      | Lost mutation: You are very robust. (+20% HP) [potion of mutation]
  3221 | D:4      | Lost mutation: Your body sometimes deteriorates upon taking damage. [potion of mutation]
  3221 | D:4      | Gained mutation: You are agile. (Dex +2) [potion of mutation]
  3221 | D:4      | Gained mutation: Your system is resistant to poisons. (rPois) [potion of mutation]
  3221 | D:4      | Lost mutation: Your magical capacity is low. (-10% MP) [potion of mutation]
  3221 | D:4      | Gained mutation: You are very agile. (Dex +4) [potion of mutation]
  3269 | D:4      | Learned a level 5 spell: Fireball
  3559 | D:5      | Entered Level 5 of the Dungeon
  3568 | D:5      | Found a burning altar of Makhleb.
  3577 | D:5      | Reached skill level 1 in Short Blades
  3581 | D:5      | You fall through a shaft for 2 floors!
  3611 | D:7      | Reached XP level 7. HP: 40/40 MP: 11/19
  3624 | D:7      | Reached skill level 1 in Fighting
  3651 | D:6      | Reached skill level 1 in Armour
  3651 | D:6      | Reached skill level 7 in Spellcasting
  3651 | D:6      | Reached skill level 5 in Fire Magic
  3653 | D:6      | Reached skill level 1 in Shields
  3725 | D:6      | Noticed Menkaure
  3763 | D:6      | Killed Menkaure
  4125 | D:5      | Reached XP level 8. HP: 47/47 MP: 17/21
  4460 | D:5      | Reached skill level 8 in Spellcasting
  4482 | D:5      | Noticed Prince Ribbit
  4529 | D:5      | Killed Prince Ribbit
  4852 | D:5      | Noticed an air elemental
  4857 | D:5      | Found a stormy altar of Qazlal.
  5095 | D:5      | Reached skill level 5 in Dodging
  5425 | D:6      | Reached XP level 9. HP: 52/52 MP: 23/23
  5591 | D:6      | Reached skill level 9 in Spellcasting
  5757 | D:6      | Found Higic's Armour Shop.
  5954 | D:6      | Lost mutation: Your system is resistant to poisons. (rPois) [mutagenic meat]
  5955 | D:6      | Gained mutation: Scrolls take you a little longer to read. [mutagenic meat]
  5957 | D:6      | Gained mutation: You do not regenerate when monsters are visible. [mutagenic meat]
  5958 | D:6      | Gained mutation: You are very robust. (+20% HP) [mutagenic meat]
  5959 | D:6      | Gained mutation: Your flesh is heat resistant. (rF+) [mutagenic meat]
  6256 | D:6      | Lost mutation: Scrolls take you a little longer to read. [mutagenic meat]
  6257 | D:6      | Gained mutation: Your spells are a little easier to cast, but a little less powerful. [mutagenic meat]
  6260 | D:6      | Lost mutation: Your spells are a little easier to cast, but a little less powerful. [mutagenic meat]
  6407 | D:7      | Reached skill level 5 in Conjurations
  6574 | D:7      | Noticed Joseph
  6574 | D:7      | Noticed a six-headed hydra
  6954 | D:7      | Found a staircase to the Ecumenical Temple.
  6968 | Temple   | Entered the Ecumenical Temple
  7128 | Temple   | Became a worshipper of Vehumet
  7317 | D:7      | Reached skill level 10 in Spellcasting
  7373 | D:7      | Lost mutation: You are very robust. (+20% HP) [potion of mutation]
  7373 | D:7      | Lost mutation: You are very agile. (Dex +4) [potion of mutation]
  7373 | D:7      | Gained mutation: You have a pair of small horns on your head. [potion of mutation]
  7373 | D:7      | Gained mutation: You have large cloven feet. [potion of mutation]
  7373 | D:7      | Gained mutation: You can translocate small distances at will. [potion of mutation]
  7418 | D:7      | Reached XP level 10. HP: 45/61 MP: 15/26
  7787 | D:7      | Killed a six-headed hydra
  8199 | D:8      | Reached * piety under Vehumet
  8199 | D:8      | Offered knowledge of Sandblast by Vehumet.
  8343 | D:8      | Found a hide-covered altar of Uskayaw.
  8347 | D:8      | Reached skill level 11 in Spellcasting
  8384 | D:8      | Learned a level 1 spell: Sandblast
  8657 | D:8      | Noticed a two-headed ogre
  8665 | D:8      | Killed a two-headed ogre
  8665 | D:8      | Reached skill level 1 in Earth Magic
  8933 | D:9      | Reached skill level 5 in Short Blades
  8992 | D:9      | Reached ** piety under Vehumet
  9077 | D:9      | Noticed a two-headed ogre
  9141 | D:9      | Killed a two-headed ogre
  9141 | D:9      | Reached XP level 11. HP: 66/66 MP: 20/28
  9158 | D:9      | Found an ancient bone altar of Kikubaaqudgha.
  9160 | D:9      | Found a shimmering altar of Xom.
  9169 | D:9      | Found a glowing silver altar of Zin.
  9170 | D:9      | Found a deep blue altar of Sif Muna.
  9175 | D:9      | Offered knowledge of Magic Dart by Vehumet.
 10110 | D:10     | Entered Level 10 of the Dungeon
 10353 | D:10     | Noticed Fannar
 10569 | D:10     | Killed Fannar
 10569 | D:10     | Reached skill level 12 in Spellcasting
 10744 | D:10     | Offered knowledge of Static Discharge by Vehumet.
 10749 | D:10     | Learned a level 3 spell: Static Discharge
 10966 | D:10     | Found a portal to a secret trove of treasure.
 11143 | D:10     | Reached *** piety under Vehumet
 11551 | D:11     | Noticed a seven-headed hydra
 11677 | D:11     | Found a staircase to the Orcish Mines.
 11952 | D:11     | Reached skill level 1 in Air Magic
 11965 | D:11     | Reached skill level 5 in Shields
 12004 | D:11     | Offered knowledge of Stone Arrow by Vehumet.
 12009 | D:11     | Learned a level 3 spell: Stone Arrow
 12325 | D:11     | Found an ancient bone altar of Kikubaaqudgha.
 12798 | D:11     | Found a staircase to the Lair.
 12989 | D:11     | Killed a seven-headed hydra
 13094 | D:6      | Bought the cursed scarf of the Gardener {MR+ Regen+ Dex+2 Slay+3} for 408 gold pieces
 13247 | Lair:1   | Entered Level 1 of the Lair of Beasts
 13247 | Lair:1   | Noticed Shiggs's ghost (journeyman NaFi)
 13272 | Lair:1   | Killed Shiggs's ghost
 13272 | Lair:1   | Reached XP level 12. HP: 33/74 MP: 4/30
 13550 | Lair:1   | Reached skill level 5 in Fighting
 13556 | Lair:1   | Reached **** piety under Vehumet
 13604 | Lair:1   | Reached skill level 13 in Spellcasting
 13640 | Lair:1   | Lost mutation: You have a pair of small horns on your head. [potion of mutation]
 13640 | Lair:1   | Lost mutation: You are robust. (+10% HP) [potion of mutation]
 13640 | Lair:1   | Gained mutation: You are weak. (Str -2) [potion of mutation]
 13640 | Lair:1   | Gained mutation: Your body sometimes deteriorates upon taking damage. [potion of mutation]
 13640 | Lair:1   | Gained mutation: You evolve. [potion of mutation]
 13640 | Lair:1   | Gained mutation: You are very agile. (Dex +4) [potion of mutation]
 13920 | Lair:2   | Noticed a five-headed hydra
 13924 | Lair:2   | Killed a five-headed hydra
 14025 | Lair:2   | Offered knowledge of Ignite Poison by Vehumet.
 14030 | Lair:2   | Learned a level 3 spell: Ignite Poison
 14315 | Lair:2   | Reached skill level 1 in Poison Magic
 14452 | Lair:2   | Reached skill level 5 in Armour
 14896 | Lair:2   | Reached ***** piety under Vehumet
 15161 | Lair:2   | Offered knowledge of Iskenderun's Mystic Blast by Vehumet.
 15255 | Lair:2   | Gained mutation: You are partially covered in iridescent scales. (AC +2) [evolution]
 15910 | Lair:3   | Reached skill level 5 in Earth Magic
 16622 | Lair:2   | Noticed a six-headed hydra
 16624 | Lair:2   | Killed a six-headed hydra
 16624 | Lair:2   | Reached XP level 13. HP: 73/73 MP: 19/32
 16870 | Lair:4   | Found a staircase to the Shoals.
 17005 | Lair:4   | Found a hole to the Spider Nest.
 17013 | Lair:4   | Reached skill level 14 in Spellcasting
 17068 | Lair:4   | Noticed braks's ghost (journeyman DrCj)
 17080 | Lair:4   | Killed braks's ghost
 18079 | Lair:5   | Found a staircase to the Slime Pits.
 18765 | Lair:6   | Entered Level 6 of the Lair of Beasts
 18781 | Lair:6   | Found a dark tunnel.
 18789 | Volcano  | Entered a volcano
 18865 | Volcano  | Reached skill level 5 in Air Magic
 18874 | Volcano  | Offered knowledge of Venom Bolt by Vehumet.
 18892 | Volcano  | Learned a level 5 spell: Venom Bolt
 19080 | Volcano  | Found a burning altar of Makhleb.
 19687 | Lair:6   | Reached XP level 14. HP: 74/80 MP: 10/34
 19788 | Lair:5   | Identified a scroll of acquirement
 19789 | Lair:5   | Got a pair of brightly glowing gloves
 19800 | Lair:5   | Identified the +0 pair of gloves of Ysoreon {*Contam Str+2 Int+7 SInv} (You acquired it on level 5 of the Lair of Beasts)
 20204 | Lair:6   | Reached skill level 15 in Spellcasting
 20876 | Lair:6   | Found a runed door.
 20916 | Lair:6   | Got a wizard robe
 21082 | Lair:6   | Reached skill level 10 in Dodging
 21344 | Lair:6   | Identified the +1 robe of the Griffon {*Drain MR+ Int+4 Dex+2} (You found it on level 6 of the Lair of Beasts)
 21492 | Lair:5   | Lost mutation: You evolve. [evolution]
 21625 | Orc:1    | Entered Level 1 of the Orcish Mines
 21625 | Orc:1    | Noticed a stone giant
 21627 | Orc:1    | Killed a stone giant
 21627 | Orc:1    | Reached skill level 5 in Poison Magic
 21634 | Orc:1    | Offered knowledge of Bolt of Magma by Vehumet.
 21643 | Orc:1    | Noticed an orc warlord
 21671 | Orc:1    | Killed an orc warlord
 21786 | D:11     | Learned a level 5 spell: Bolt of Magma
 21944 | Orc:2    | Entered Level 2 of the Orcish Mines
 21996 | Orc:2    | Found a staircase to the Elven Halls.
 22274 | Orc:1    | Found a roughly hewn altar of Beogh.
 22687 | Orc:2    | Reached XP level 15. HP: 47/85 MP: 18/36
 22823 | Orc:2    | Found Daply's Magic Scroll Boutique.
 22823 | Orc:2    | Found Weschin's Magic Scroll Shoppe.
 22825 | Orc:2    | Found Ypsimu's Antique Weapon Boutique.
 22825 | Orc:2    | Found Kick's Book Shoppe.
 22841 | Orc:2    | Bought a scroll of acquirement for 884 gold pieces
 22841 | Orc:2    | Bought a scroll of identify for 34 gold pieces
 22841 | Orc:2    | Bought a scroll of identify for 34 gold pieces
 22841 | Orc:2    | Bought a scroll of identify for 34 gold pieces
 23374 | D:12     | Found a labyrinth entrance.
 23401 | Lab      | Entered a labyrinth
 24136 | D:12     | Gained mutation: You are frail. (-10% HP) [mutagenic meat]
 24137 | D:12     | Gained mutation: Your mind is acute. (Int +2) [mutagenic meat]
 24138 | D:12     | Lost mutation: Your body sometimes deteriorates upon taking damage. [mutagenic meat]
 24299 | Lair:1   | Learned a level 6 spell: Iron Shot
 24351 | D:12     | Offered knowledge of Conjure Ball Lightning by Vehumet.
 24531 | D:12     | Reached skill level 16 in Spellcasting
 24612 | D:12     | Got a pair of scorched gloves
 24613 | D:12     | Identified the cursed +0 pair of gloves of Rotation {rElec Dex+2} (You found it on level 12 of the Dungeon)
 25086 | D:13     | Identified the Handbook of Unholy Cold
 25232 | D:13     | Found a blossoming altar of Fedhas.
 25259 | D:13     | Reached skill level 10 in Fire Magic
 25871 | D:14     | Found an ancient bone altar of Kikubaaqudgha.
 25950 | D:14     | Reached skill level 10 in Conjurations
 26264 | D:14     | Offered knowledge of Ozocubu's Refrigeration by Vehumet.
 26532 | D:14     | Found a gate to the Vaults.
 26976 | D:14     | Found a glowing silver altar of Zin.
 27205 | D:15     | Entered Level 15 of the Dungeon
 27372 | D:15     | Learned a level 3 spell: Mephitic Cloud
 27432 | D:15     | Reached XP level 16. HP: 58/82 MP: 22/38
 27472 | D:15     | Found Zipestav's Book Boutique.
 27486 | D:15     | Found a runed door.
 27673 | D:15     | Found a shimmering altar of Xom.
 27872 | D:15     | Found a staircase to the Depths.
 27903 | D:15     | Found a runed door.
 27917 | D:15     | Found a runed door.
 27930 | D:15     | Found a runed door.
 28939 | Depths:1 | Entered Level 1 of the Depths
 28976 | Depths:1 | Mangled by a spark wasp

Vault maps used:
D:1:      minmay_arrival_cross
D:2:      uniq_crazy_yiuf_cottage
D:3:      chequers_ecumenical_altar_twisty, uniq_natasha
D:4:      okawaru_trees_2, first_bread
D:5:      nicolae_qazlal_style_of_elements, basic_altar, uniq_prince_ribbit1
D:6:      serial_shops, shop, sigmund_army, uniq_menkaure
D:7:      minmay_temple_entry_statues_fountains, hangedman_decor_slide_cut,
          grunt_livestock, uniq_joseph
D:8:      nicolae_overflow_crystal_walls, minmay_misc_feat_room,
          minmay_unpleasant_kobolds
D:9:      grunt_temple_overflow_open, basic_altar, minmay_strange_pillars,
          eino_small_chamber_without_monster
D:10:     enter_trove_3, uniq_fannar
D:11:     david_lair_shrubbed, orc_0_dummy, lemuel_mausoleum_altar_kikubaaqudgha
D:12:     lab_entry_generic
D:13:     minmay_misc_feat_x, fedhas_altar_2
D:14:     hangedman_vaults_entry_quadrant_bands, serial_undead, serial_undead_b,
          serial_undead_a, serial_undead_f, serial_undead_e, basic_altar,
          zin_angel, small_statue_intersection, minmay_checkerbox
D:15:     grunt_enter_depths_hoard, basic_altar, serial_park_avenue1,
          serial_shops, shop_fountains, minmay_statue_crystal_thing
Temple:   eino_temple_rhombus
Lair:2:   lemuel_ratsnest, st_stairs_8, lemuel_fruit_fields
Lair:3:   beast_lair_carwin_6
Lair:4:   minmay_shoals_entry_beasts, nicolae_spider_entry_tight_spaces,
          minmay_lindwurm_lava, grunt_megastairs_2
Lair:5:   nicolae_slime_entry_slimehenge
Lair:6:   wormcave, hangedman_lair_in_review, enter_volcano_1
Orc:1:    mines1_david
Orc:2:    grunt_orc_tribal_feast
Depths:1: enter_ziggurat_e, hangedman_decor_clover_reticule,
          grunt_hell_entry_dis_mu, hex_large, nicolae_for_you_no_charge
Lab:      labyrinth_mini_lab, nicolae_lab_plus
Volcano:  volcano_grotto

Skill      XL: |  1  2  3  4  5  6  7  8  9 10 11 12 13 14 15 16 |
---------------+-------------------------------------------------+-----
Spellcasting   | 4 5 6 7 8 10 11 12 13 14 15 16 | 16.9
Conjurations   | 2 3 4 5 6 7 8 9 10 | 10.5
Fire Magic     | 4 5 6 7 8 9 10 | 10.7
Dodging        | 3 4 5 6 7 8 9 10 | 10.4
Short Blades   | 1 2 3 4 5 6 7 8 |  8.3
Fighting       | 1 2 3 4 5 6 7 |  7.6
Armour         | 1 2 3 4 5 6 7 |  7.5
Shields        | 1 2 3 4 5 6 7 |  7.7
Earth Magic    | 2 3 5 6 7 8 |  8.3
Air Magic      | 2 4 5 6 7 |  7.6
Poison Magic   | 2 3 5 6 7 |  7.0
Stealth        | |  2.4

Action                   |  1- 3 |  4- 6 |  7- 9 | 10-12 | 13-15 | 16-18 || total
-------------------------+-------+-------+-------+-------+-------+-------++-------
Melee: Dagger            |    15 |    19 |    92 |   276 |   122 |       ||   524
       Kick              |       |       |       |    63 |   119 |    22 ||   204
       Headbutt          |       |       |       |    28 |       |       ||    28
       Quick blade       |       |       |       |       |   183 |    38 ||   221
 Cast: Flame Tongue      |    45 |    49 |   120 |   361 |    62 |     4 ||   641
       Throw Flame       |     2 |    14 |     7 |    31 |    18 |       ||    72
       Sticky Flame      |       |     4 |    37 |    87 |    52 |     3 ||   183
       Conjure Flame     |       |     2 |     8 |    22 |     6 |       ||    38
       Inner Flame       |       |     1 |     8 |    17 |     6 |       ||    32
       Fireball          |       |       |     6 |    40 |    70 |     2 ||   118
       Stone Arrow       |       |       |       |    14 |    52 |       ||    66
       Static Discharge  |       |       |       |     2 |     2 |       ||     4
       Ignite Poison     |       |       |       |     3 |    36 |       ||    39
       Venom Bolt        |       |       |       |       |   117 |       ||   117
       Bolt of Magma     |       |       |       |       |   133 |    20 ||   153
       Iron Shot         |       |       |       |       |    22 |    13 ||    35
 Abil: Blink             |       |       |       |       |     2 |       ||     2
Evoke: Wand              |       |       |     6 |       |     1 |     1 ||     8
  Use: Scroll            |       |    15 |     2 |    21 |    25 |     5 ||    68
       Potion            |       |     3 |     3 |     4 |     2 |       ||    12
 Stab: Sleeping          |     7 |     5 |     8 |     8 |     7 |       ||    35
       Confused          |       |       |     1 |       |       |       ||     1
       Distracted        |       |       |       |       |     2 |     1 ||     3
  Eat: Chunk             |     2 |     6 |    19 |    22 |    21 |     2 ||    72
       Royal jelly       |       |     1 |     2 |     5 |     3 |     1 ||    12
       Fruit             |       |       |     5 |       |    14 |     7 ||    26
Armor: Robe              |     4 |     4 |    13 |    63 |    19 |     1 ||   104
       Leather armour    |       |       |       |    26 |    19 |       ||    45
Dodge: Dodged            |    20 |    21 |   133 |   290 |   231 |    21 ||   716
Block: Large shield      |       |       |       |     3 |    13 |       ||    16
       Buckler           |       |       |       |       |    94 |    14 ||   108
       Reflection        |       |       |       |       |    13 |     3 ||    16

Table legend:
 A = Spawn XP
 B = Non-spawn XP
 C = Spawn XP percentage of total XP
 D = Spawn monster count
 E = Non-spawn monster count
 F = Spawn count percentage of total count
 G = Total turns spent on level
                    A         B        C        D         E        F      G
               +---------+---------+-------+---------+---------+-------+---------
         Total |   18942 |  146754 |  11.4 |     105 |     748 |  12.3 | 28976
               +---------+---------+-------+---------+---------+-------+---------
           D:1 |       2 |      30 |   6.2 |       1 |      13 |   7.1 |   871
           D:2 |       0 |      78 |   0.0 |       0 |      18 |   0.0 |   854
           D:3 |      57 |     202 |  22.0 |       7 |      19 |  26.9 |  1235
           D:4 |       0 |     224 |   0.0 |       0 |       8 |   0.0 |   656
           D:5 |     149 |    1249 |  10.7 |       5 |      30 |  14.3 |  1423
           D:6 |     144 |    1391 |   9.4 |       5 |      36 |  12.2 |  1362
           D:7 |     346 |    2974 |  10.4 |       8 |      34 |  19.0 |  1491
           D:8 |     187 |    2369 |   7.3 |       7 |      35 |  16.7 |   975
           D:9 |    1077 |    2168 |  33.2 |       9 |      27 |  25.0 |  1269
          D:10 |     251 |    3049 |   7.6 |       2 |      20 |   9.1 |  1375
          D:11 |     958 |    4965 |  16.2 |       3 |      42 |   6.7 |  1892
          D:12 |    1913 |    9277 |  17.1 |       4 |      49 |   7.5 |  1118
          D:13 |    1248 |    4293 |  22.5 |       5 |      27 |  15.6 |   773
          D:14 |     869 |   27269 |   3.1 |       6 |      69 |   8.0 |  1449
          D:15 |    1568 |   10022 |  13.5 |       3 |      29 |   9.4 |  1580
        Lair:1 |       0 |    3570 |   0.0 |       0 |      15 |   0.0 |   922
        Lair:2 |    7247 |    3182 |  69.5 |      22 |      43 |  33.8 |  1662
        Lair:3 |    1168 |    3135 |  27.1 |       6 |      20 |  23.1 |  1152
        Lair:4 |     487 |    8843 |   5.2 |       2 |      22 |   8.3 |  1048
        Lair:5 |     523 |    3463 |  13.1 |       2 |      18 |  10.0 |  1131
        Lair:6 |     501 |   30341 |   1.6 |       2 |      69 |   2.8 |  1965
         Orc:1 |     247 |    5795 |   4.1 |       6 |      28 |  17.6 |   503
         Orc:2 |       0 |    8565 |   0.0 |       0 |      46 |   0.0 |   923
      Depths:1 |       0 |    4297 |   0.0 |       0 |       8 |   0.0 |    37
           Lab |       0 |    1065 |   0.0 |       0 |       1 |   0.0 |   671
       Volcano |       0 |    4938 |   0.0 |       0 |      22 |   0.0 |   468
               +---------+---------+-------+---------+---------+-------+---------
